 Dungeon Crawl Stone Soup version 0.23.2-42-gf373564 (webtiles) character file.

Game seed: 10369209178096937447

51 taoistronin the Poker (level 3, -4/49 HPs)
             Began as a Minotaur Berserker on Nov 14, 2019.
             Was a Believer of Trog.
             Killed by nerve-wracking pain
             ... invoked by Grinder
              (7 damage)
             ... on level 3 of the Dungeon.
             The game lasted 00:13:12 (1290 turns).

taoistronin the Poker (Minotaur Berserker)          Turns: 1290, Time: 00:13:12

Health: -4/49      AC:  6    Str: 26    XL:     3   Next: 57%
Magic:  2/2        EV:  8    Int:  5    God:    Trog [**....]
Gold:   209        SH:  7    Dex:  9    Spells: 2/2 levels left

rFire    . . .     SeeInvis .   j - +4 dagger
rCold    . . .     Gourm    .   h - +0 shield
rNeg     . . .     Faith    .   l - +0 scale mail
rPois    .         Spirit   .   (helmet restricted)
rElec    .         Reflect  .   (no cloak)
rCorr    .         Harm     .   (no gloves)
MR       .....                  (no boots)
Stlth    ..........             (no amulet)
HPRegen  0.16/turn              (no ring)
MPRegen  0.08/turn              (no ring)

@: berserking, very quick
A: retaliatory headbutt, horns 2
a: Berserk, Trog's Hand, Renounce Religion


You were on level 3 of the Dungeon.
You worshipped Trog.
Trog was pleased with you.
You were hungry.

You visited 1 branch of the dungeon, and saw 3 of its levels.

You collected 209 gold pieces.

Inventory:

Hand Weapons
 a - a +0 spear
 j - a +4 dagger (weapon)
Missiles
 e - 71 stones (quivered)
 m - 10 sling bullets
Armour
 h - a +0 shield (worn)
 l - a +0 scale mail (worn)
 v - a scarf of spirit shield
Magical Staves
 u - an uncursed staff of air {unknown}
Wands
 r - a wand of iceblast (7)
Scrolls
 b - a scroll of enchant weapon {unknown}
 f - a scroll of fog {unknown}
 g - 4 scrolls of remove curse {unknown}
 k - 3 scrolls of identify {unknown}
 p - a scroll of teleportation {unknown}
 t - a scroll of fear {unknown}
Potions
 d - 3 potions of agility {unknown}
 i - a potion of haste {unknown}
 o - a potion of cancellation {unknown}
 q - a potion of degeneration {unknown}
 s - 4 potions of curing {unknown}
Comestibles
 c - 2 rations
 n - 5 chunks of flesh


   Skills:
 + Level 4.2 Fighting
 + Level 0.4 Short Blades
 + Level 4.5 Polearms
 + Level 2.5 Armour
 + Level 2.9 Dodging


You had 2 spell levels left.
You didn't know any spells.
Your spell library was empty.

Dungeon Overview and Level Annotations

Branches:
Dungeon (3/15)

Altars:
Cheibriados
Hepliaklqana

Annotations:
D:3 Grinder


Innate Abilities, Weirdness & Mutations

You reflexively headbutt those who attack you in melee.
You have a pair of horns on your head.


Message History

* * * LOW HITPOINT WARNING * * *
You hit Grinder.
Grinder is severely wounded.
Grinder hits you but does no damage.
A red film seems to cover your vision as you go berserk!
You feel yourself moving faster!
You feel mighty!
You are feeling hungry.
You block Grinder's attack.
You hit Grinder. You headbutt Grinder, but do no damage.
Grinder is severely wounded.
Grinder says, "DUCK!"
Grinder hits you.
* * * LOW HITPOINT WARNING * * *
You writhe in agony.
* * * LOW HITPOINT WARNING * * *
You closely miss Grinder.
Grinder is severely wounded.
Grinder gestures at you. Pain shoots through your body!
You die...

#........# ..
#####........# ..
#...#........# ..
##...#........#######..
#....'........'....5...
#....#........#######..
#....#........# ##
#....+5.......#
#....#@.......#
#.####.###########
#....#............
#....##...#.......
#>...++...........
##...##...#.......
#...##...#.......
#....'...'..####
#...##..รท####


You could see Grinder.

Vanquished Creatures
  An adder (D:3)
  An ooze (D:2)
  3 dart slugs (D:1)
  A leopard gecko (D:3)
  An orc (D:3)
  4 bats
  A giant cockroach (D:1)
  3 goblins
  5 hobgoblins
  3 kobolds
  A ball python (D:1)
  3 frilled lizards
  3 rats
30 creatures vanquished.

Notes
Turn   | Place    | Note
-------+----------+-------------------------------------------
     0 | D:1      | taoistronin the Minotaur Berserker began the quest for the
                  | Orb.
     0 | D:1      | Reached XP level 1. HP: 19/19 MP: 0/0
   101 | D:1      | Reached XP level 2. HP: 25/27 MP: 1/1
   754 | D:2      | Reached XP level 3. HP: 30/33 MP: 2/2
   781 | D:2      | Found a snail-covered altar of Cheibriados.
   888 | D:2      | Reached ** piety under Trog
   998 | D:2      | Found a hazy altar of Hepliaklqana.
  1237 | D:3      | Noticed Grinder
  1266 | D:3      | Paralysed by Grinder for 2 turns
  1290 | D:3      | Killed from afar by Grinder

Skill      XL: |  1  2 |
---------------+-------+-----
Polearms       | 4 |  4.5
Fighting       | 4 |  4.2
Short Blades   | |  0.4
Armour         | |  2.5
Dodging        | |  2.9

Action                   || total
-------------------------++-------
Melee: Spear             ||    28
       Headbutt          ||    12
       Dagger            ||    51
Invok: Berserk           ||     1
  Eat: Chunk             ||     1
Armor: Animal skin       ||     3
       Scale mail        ||    13
Dodge: Dodged            ||    31
Block: Shield            ||    19
